 Dungeon Crawl Stone Soup version 0.29-a0-872-g797fff5ad1 (webtiles) character file.

Game seed: 4388039367284679077

74 LynnLen the Sneak (level 4, -2/25 HPs)
             Began as a Vampire Enchanter on July 18, 2022.
             Slain by a goblin
             ... wielding a +0 dagger
             ... led by Robin
              (5 damage)
             ... on level 2 of the Dungeon.
             The game lasted 00:05:31 (2113 turns).

LynnLen the Sneak (Vampire Enchanter)               Turns: 2113, Time: 00:05:32

Health: -2/25      AC:  3    Str:  7    XL:     4   Next: 10%
Magic:  7/7        EV: 12    Int: 17    God:
Gold:   204        SH:  0    Dex: 16    Spells: 1/7 levels left

rFire   . . .      SeeInvis +   a - +1 dagger (drain)
rCold   + + .      Faith    .   (no shield)
rNeg    + + +      Spirit   .   d - +0 leather armour
rPois   ∞          Reflect  .   (no helmet)
rElec   .          Harm     .   (no cloak)
rCorr   .          Rampage  .   (no gloves)
Will    .....                   (no boots)
Stlth   +++++.....              (no amulet)
HPRegen 0.00/turn               (no ring)
MPRegen 0.10/turn               (no ring)

@: bloodless, inhibited regen
A: bloodless, fangs 3, see invisible, vampiric 2
a: Bat Form, Revivify


You were on level 2 of the Dungeon.
You visited 1 branch of the dungeon, and saw 2 of its levels.

You collected 204 gold pieces.

Inventory:

Hand Weapons
 a - a +1 dagger of draining (weapon)
Missiles
 g - 4 poisoned darts (quivered)
Armour
 d - a +0 leather armour (worn)
Jewellery
 e - a ring of resist corrosion
Scrolls
 h - a scroll of identify {unknown}
 k - a scroll of fog {unknown}
Potions
 b - a potion of might {unknown}
 c - 2 potions of invisibility
 f - a potion of heal wounds {unknown}
 i - a potion of cancellation {unknown}
 j - a potion of curing {unknown}


   Skills:
 * Level 1.4 Fighting
 * Level 2.3 Short Blades
 + Level 2.4 Dodging
 + Level 6.0 Stealth
 - Level 2.0 Spellcasting
 - Level 4.4 Hexes


You had one spell level left.
You knew the following spells:

 Your Spells              Type           Power      Damage    Failure   Level
a - Confusing Touch       Hex            16%        N/A       14%         3
b - Tukima's Dance        Hex            16%        N/A       14%         3

Your spell library contained the following spells:

 Spells                   Type           Power      Damage    Failure   Level
 Ensorcelled Hibernation  Hex/Ice        18%        N/A       19%         2
 Dazzling Flash           Conj/Hex       18%        N/A       34%         3


Dungeon Overview and Level Annotations

Branches:
Dungeon (2/15)

Altars:

Annotations:
D:2 Robin


Innate Abilities, Weirdness & Mutations

You do not regenerate when monsters are visible.
You are frail without blood (-20% HP).
You can heal yourself when you bite living creatures.
You are immune to poison.
You have razor-sharp teeth.
You have supernaturally acute eyesight. (SInv)
You are afflicted with vampirism and can become a bat while bloodless.


Message History

The adder is severely wounded.
The adder misses you. The adder bites you but does no damage.
You hit the adder.
You kill the adder!
Your Stealth skill increases to level 6!
You have reached level 4!
k - a scroll labelled VOIMPE BASUNORPH You now have 204 gold pieces (gained 4).
You start resting.
HP restored.
There is an open door here.
Robin, a hobgoblin and 2 goblins come into view.
The hobgoblin shouts!
Robin shouts!
You hear a shout! x4
A goblin comes into view. It is wielding a +0 dagger.
The goblin moves out of view. x2
You hear a shout! x2
The goblin shouts!
A goblin comes into view. It is wielding a +0 club.
Robin throws the goblin at you! The goblin hits you but does no damage.
The hobgoblin hits you. The hobgoblin attacks as you move away!
The hobgoblin closely misses you. The goblin attacks as you move away!
The goblin closely misses you.
Robin roars a battlecry!
The goblins go into a battle-frenzy!
The goblin attacks as you move away! The goblin misses you.
Robin throws the goblin at you! The hobgoblin closely misses you.
The goblin barely misses you.
You hit the goblin. Your bite misses the goblin.
The goblin is heavily wounded.
The hobgoblin hits you. The goblin hits you with a +0 dagger.
The goblin hits you with a +0 club.
You hit the goblin.
You kill the goblin!
Robin throws the goblin at you! The hobgoblin closely misses you.
The goblin hits you but does no damage. The goblin closely misses you.
The hobgoblin attacks as you move away! The hobgoblin closely misses you.
The goblin hits you with a +0 club.
* * * LOW HITPOINT WARNING * * *
The goblin hits you with a +0 dagger.
You die...

#.....#.# ......#.#
##....#.# .
........######.
#.........##gg
#.........##g#
#.........##.#
#..>..@g..##.#
#.....gg.g##.#
#............#
########'#.###
#.#...
####.##############
#....#.............
#
#.####.############
#.#.####.# #..


You could see Robin, a hobgoblin (strong) and 2 goblins.

Vanquished Creatures
  5 adders (D:2)
  3 endoplasms
  6 goblins
  3 hobgoblins (D:2)
  2 ball pythons
  3 bats
  3 frilled lizards
  3 kobolds
  2 rats
30 creatures vanquished.

Notes
Turn   | Place    | Note
-------+----------+-------------------------------------------
     0 | D:1      | LynnLen the Vampire Enchanter began the quest for the Orb.
     0 | D:1      | Reached XP level 1. HP: 13/13 MP: 3/3
   477 | D:1      | Found a faded altar of an unknown god.
   477 | D:1      | Noticed an Executioner
   688 | D:1      | Reached XP level 2. HP: 16/16 MP: 5/5
   986 | D:2      | Reached skill level 1 in Fighting
   986 | D:2      | Reached skill level 5 in Stealth
  1102 | D:2      | Gained mutation: You are afflicted with vampirism and can
                  | become a bat while bloodless. [Vampire growth]
  1102 | D:2      | Reached XP level 3. HP: 17/20 MP: 6/6
  1111 | D:2      | Learned a level 3 spell: Confusing Touch
  1115 | D:2      | Learned a level 3 spell: Tukima's Dance
  1924 | D:2      | Reached skill level 6 in Stealth
  1924 | D:2      | Reached XP level 4. HP: 11/25 MP: 7/7
  2102 | D:2      | Noticed Robin
  2113 | D:2      | Slain by a goblin

Illustrated notes

Levels and vault maps discovered:
D:1:      lightli_arrival_statuegarden, layout_loops_corners,
          dreamdust_ecumenical_altar_sealed_demon
D:2:      layout_basic, uniq_robin

Skill      XL: |  1  2  3 |
---------------+----------+-----
Fighting       | 1 |  1.4
Stealth        | 5 6 |  6.0
Short Blades   | 2 |  2.3
Dodging        | |  2.4
Spellcasting   | |  2.0
Hexes          | |  4.4

Action                   |  1- 3 |  4- 6 || total
-------------------------+-------+-------++-------
Melee: Dagger            |    80 |     2 ||    82
       Bite              |     7 |       ||     7
 Abil: Exsanguinate      |     1 |       ||     1
  Use: Scroll            |     3 |       ||     3
       Potion            |     1 |       ||     1
 Stab: Sleeping          |    13 |       ||    13
Armor: Leather armour    |    22 |     3 ||    25
Dodge: Dodged            |    40 |     8 ||    48

Table legend: (Time is in decaauts)
 A = Elapsed time spent in this place.
 B = Non-inter-level travel time spent in this place.
 C = Inter-level travel time spent in this place.
 D = Time resting spent in this place.
 E = Time spent auto-exploring this place.
 F = Levels seen in this place.
 G = Mean time per level.
                   A        B        C        D        E       F      G
               +--------+--------+--------+--------+--------+-----+--------+
         Total |   2105 |   2105 |      0 |    490 |    855 |   2 | 1052.5 |
       Dungeon |   2105 |   2105 |      0 |    490 |    855 |   2 | 1052.5 |
               +--------+--------+--------+--------+--------+-----+--------+

Top non-repeatable levels by time:
     D:2: 1133 daAuts
     D:1: 972 daAuts
